Unix NetHack Version 5.0.0-0 post-release - last build May 10 2026 23:12:36 (d1fa5d53e341ca933230fdaa984d921c805b60aa,branch:main).

Game began 2026-05-16 21:26:07, ended 2026-05-16 23:11:13.

Brudee, neutral female human Monk

                            -------     -------
                            |.....|--   |..|.>|
                            |..$..+.|   |.....|
                          --|.....|-|   |.--.---
                          |.......+.|  --.|....----
                          |.|.....|-| --..|.......|
                          |%|.....+2| |...|---....|
                          |.|.....|-- |..*|..|....|
                          |.|------   |...|[......|
                          |=|        --...h@.|....--
                          |.|        |....|..|.....|
                          |.|        |....|--|0....|
                          |.|        |...--  --.|..|
                          |.|        -----    |.----
                          |.-------------------..|
                          |..$./.....%........^..|
                          ------------------------

Brudee the Student of Stones    St:18/04 Dx:14 Co:12 In:10 Wi:10 Ch:10  Neutral S:22109
Dlvl:5  $:77 HP:0(70) Pw:42(42) AC:3  Xp:10/5358 T:6921 

Latest messages:
 You hear a wolf howling at the moon.
 You hit the dust vortex.
 You destroy the dust vortex!
 You hit it.
 You destroy it!
 You kill it!
 You can see again.
 The horse kicks!
 The horse bites!
 You feel more confident in your fighting skills.
 You hit the horse!
 The horse kicks!
 The horse bites!
 You hit the horse!
 The horse just misses!
 The horse bites!
 The horse kicks!
 The horse bites!
 You hit the horse!
 The horse kicks!
 The horse bites!
 You kill the horse!
 The soldier ant bites!
 The soldier ant stings!
 You hit the soldier ant!
 You kill the soldier ant!
 You hit the zruty!
 You hit the zruty!
 The zruty hits!
 The zruty hits again!
 The zruty bites!
 You swap places with the peaceful kitten.
 You see here a leocrotta corpse.
 What do you want to use or apply? [i-kozACFJKN-PSX or ?*] <space>
 Never mind.
 What do you want to use or apply? [i-kozACFJKN-PSX or ?*] i
 You hear a sound reminiscent of an elephant stepping on a peanut.
 Click!  You trigger a rolling boulder trap!
 No boulder was released.
 You kill the hobgoblin!
 There are several objects here.
 You stop waiting.
 You hit the dwarf queen!
 The dwarf queen thrusts her dagger.
 The dwarf queen hits!
 The dwarf queen thrusts her dagger.
 The dwarf queen hits again!
 You die...
 Do you want your possessions identified? [ynq] (y) y
 Do you want to see your attributes? [ynq] (y) q

Inventory:
 Coins    ('$')
  $ - 77 gold pieces
 Armor    ('[')
  d - a cursed -1 elven leather helm
  a - an uncursed burnt +2 pair of leather gloves (being worn)
  Z - an uncursed +0 pair of jumping boots
  v - an uncursed +0 pair of speed boots (being worn)
  H - a blessed greased fireproof +3 cloak of magic resistance (being worn)
  b - an uncursed +1 robe
 Comestibles  ('%')
  h - an uncursed slime mold
  f - 5 uncursed apples
  S - an uncursed cream pie
  X - an uncursed eucalyptus leaf
  e - 3 uncursed food rations
  g - 5 uncursed oranges
  W - an uncursed pear
  R - an uncursed tripe ration
  r - an uncursed giant spider egg
  u - 3 uncursed eggs
 Rings    ('=')
  y - an uncursed ring of conflict
  m - a cursed -1 ring of increase damage
  I - a cursed -1 ring of increase damage
  q - a cursed -2 ring of protection
 Wands    ('/')
  k - a wand of digging (0:8)
  C - a wand of digging (0:5)
  j - a blessed wand of fire (0:1)
  K - a wand of light (0:15)
  J - a wand of sleep (0:8)
  O - a wand of speed monster (0:6)
  N - a cursed wand of speed monster (0:4)
 Tools    ('(')
  i - an uncursed sack containing 18 items
  A - an uncursed blindfold
  o - an uncursed magic whistle
  z - a +0 pick-axe
  P - an uncursed tin opener
 Gems/Stones  ('*')
  F - an uncursed luckstone

Contents of the sack:
  an uncursed scroll of create monster
  a cursed scroll of create monster
  3 uncursed scrolls of earth
  a cursed scroll of enchant armor
  2 uncursed scrolls of enchant weapon
  an uncursed scroll of light
  an uncursed scroll of stinking cloud
  a cursed potion of booze
  an uncursed potion of extra healing
  2 uncursed potions of invisibility
  an uncursed potion of object detection
  an uncursed potion of oil
  a blessed potion of paralysis
  2 uncursed potions of paralysis
  an uncursed potion of see invisible
  a blessed potion of sickness
  an uncursed potion of speed
  7 uncursed potions of water

Brudee the Monk's attributes:

Background:
 You were a Student of Stones, a level 10 female human Monk.
 You were neutral, on a mission for Chih Sung-tzu
 who was opposed by Shan Lai Ching (lawful) and Huan Ti (chaotic).
 You were right-handed.
 You were in Sokoban, on level 5.
 You entered the dungeon 6921 turns ago.
 It was nighttime.
 There was a new moon in effect when your adventure ended.
 You had 5358 experience points, 4642 more were needed to attain level 11.
 Your score was 22109 before end-of-game adjustments.

Basics:
 You had 0 out of 70 hit points.
 You had all 42 energy points (spell power).
 Your armor class was 3.
 Your wallet contained 77 zorkmids.
 Autopickup was off.

Final Characteristics:
 Your strength was 18/04 (limit:18/100).
 Your dexterity was 14 (peak:15, limit:18).
 Your constitution was 12 (limit:18).
 Your intelligence was 10 (limit:18).
 Your wisdom was 10 (peak:12, limit:18).
 Your charisma was 10 (limit:18).

Final Status:
 You weren't hungry.
 You were unencumbered.
 You were empty handed.
 You had expert skill with martial arts and could have enhanced that.

Final Attributes:
 You were piously aligned.
 You were magic-protected.
 You were sleep resistant.
 You were poison resistant.
 You saw invisible.
 You were warned.
 You had automatic searching.
 You were stealthy.
 You were warded.
 You were very fast.
 You were lucky.
 You had extra luck.
 Bad luck did not time out for you.
 Good luck did not time out for you.
 You are dead.

Miscellaneous:
 You didn't encounter any bones levels.
 Total elapsed playing time was 1 hour, 45 minutes and 1 second.

Major events:
 Turn
    1: Brudee the neutral female human Monk entered the dungeon
  336: entered the Gnomish Mines
  931: attained the rank of Novice (level 3)
 1219: reached Mine Town
 1397: attained the rank of Initiate (level 6)
 1442: made her first wish - "blessed greased fixed +2 cloak of magic resistance", got "a greased tattered cape"
 3027: acquired the Mines' End luckstone
 5203: entered Sokoban
 5451: completed 1st Sokoban level
 5677: completed 2nd Sokoban level
 5967: completed 3rd Sokoban level
 6493: completed 4th Sokoban level
 6854: attained the rank of Student of Stones (level 10)
 6921: killed by a dwarf queen

Spells:
 Name                 Level Category     Fail Retention
 confuse monster        1   enchantment   48%   51%-75%
 cone of cold           4   attack       100%  76%-100%
 detect monsters        1   divination    48%  76%-100%
 light                  1   divination    48%  76%-100%

Skills:
 Fighting Skills
   martial arts       [Expert]
 Weapon Skills
   quarterstaff       [Unskilled]
   spear              [Unskilled]
   crossbow           [Unskilled]
   shuriken           [Unskilled]
 Spellcasting Skills
   attack spells      [Unskilled]
   healing spells     [Basic]
   divination spells  [Unskilled]
   enchantment spells [Unskilled]
   clerical spells    [Unskilled]
   escape spells      [Unskilled]
   matter spells      [Unskilled]

Voluntary challenges:
 Character rerolling was not enabled.
 You never genocided any monsters.
 You never polymorphed an object.
 You never changed form.
 You used 1 wish.
 You did not wish for any artifacts.
 You violated the special Sokoban rules once.
Achievements:
 You entered the Gnomish Mines.
 You entered a shop.
 You attained the rank of Novice.
 You entered Minetown.
 You entered a temple.
 You attained the rank of Initiate.
 You completed the Gnomish Mines.
 You entered Sokoban.
 You attained the rank of Student of Stones.

 The Dungeons of Doom: levels 1 to 9
    Level 1:
    Level 2:
       Some fountains, a sink.
    Level 3:
       A fountain.
       Stairs down to The Gnomish Mines.
    Level 4:
       A general store, some fountains.
    Level 5:
       A fountain.
    Level 6:
    Level 7:
    Level 8:
       Many fountains.
    Level 9:
       A fountain.
       Stairs up to Sokoban, level 8.
 The Gnomish Mines: levels 4 to 11
    Level 4:
    Level 5:
    Level 6:
       Some shops, a temple and an altar, some fountains.
    Level 7:
    Level 8:
    Level 9:
    Level 10:
    Level 11:
       A fountain.
 Sokoban: levels 8 up to 5
    Level 5: <- You were here.
       Solved.
       Final resting place for
          you, killed by a dwarf queen.
    Level 6:
       Solved.
    Level 7:
       Solved.
    Level 8:
       Solved.


Vanquished creatures:
  a gray dragon
  a baby gold dragon
  2 giant mimics
  a stalker
  a small mimic
  2 quantum mechanics
  a flaming sphere
  3 tigers
  a leocrotta
 an elf mummy
  a human mummy
  a pit viper
  a wraith
  3 leather golems
  2 Grey-elves
  a giant beetle
  a wolf
  a winter wolf cub
  a panther
  a leprechaun
 an orc-captain
  2 mumakil
  a scorpion
  a horse
  a black light
  2 gnome rulers
 an orc mummy
  a dwarf mummy
  a brown pudding
 an owlbear
  a yeti
  4 lizards
  a dingo
  3 jaguars
  a dwarf leader
  a white unicorn
  a dust vortex
  3 ravens
  2 Woodland-elves
  2 soldier ants
  3 fire ants
  2 bugbears
  a wood nymph
  a mountain nymph
  a Mordor orc
 an Uruk-hai
  a pony
  2 fog clouds
  2 yellow lights
 15 gnome leaders
  7 gnomish wizards
  2 kobold mummies
 an elf zombie
  2 ghouls
  a giant ant
  a little dog
  a floating eye
 14 dwarves
  2 homunculi
  3 kobold shamans
 12 hill orcs
  5 rothes
  a giant bat
  a monkey
  a wererat
  a werejackal
  2 iguanas
  2 gas spores
  7 hobbits
  8 hobgoblins
  a giant rat
  a cave spider
  a brown mold
 67 gnomes
  a gnome zombie
  2 geckos
  a jackal
  4 foxes
  6 goblins
  4 grid bugs
  a lichen
  a kobold zombie
  6 newts
257 creatures vanquished.

No species were genocided or became extinct.

Game over:
                       ----------
                      /          \
                     /    REST    \
                    /      IN      \
                   /     PEACE      \
                  /                  \
                  |      Brudee      |
                  |      77 Au       |
                  |   killed by a    |
                  |   dwarf queen    |
                  |                  |
                  |                  |
                  |       2026       |
                 *|     *  *  *      | *
        _________)/\\_//(\/(/\)/\//\/|_)_______

Goodbye Brudee the Monk...

You died in Sokoban on dungeon level 5 with 22102 points,
and 77 pieces of gold, after 6921 moves.
You were level 10 with a maximum of 70 hit points when you died.

